[Event "26th Troya Open 2018"]
[Site "Canakkale"]
[Date "2018.08.05"]
[Round "1.1"]
[White "Albayrak, Kerem"]
[Black "Benidze, Davit"]
[Result "0-1"]
[ECO "E66"]
[WhiteElo "1901"]
[BlackElo "2488"]
[Annotator "RC"]
[PlyCount "74"]
[EventDate "2018.08.06"]
[EventType "swiss"]
[EventCountry "TUR"]
[SourceTitle "playchess.com"]
[Source "ChessBase"]
[SourceQuality "1"]
[TimeControl "5400+30"]

1. d4 Nf6 2. Nf3 c5 3. c4 g6 4. g3 Bg7 5. Bg2 O-O 6. O-O d6 7. Nc3 Nc6 8. d5 Na5 9. Qd3 a6 10. Nd2 Nd7 11. f4 b5 12. Rb1 bxc4 13. Nxc4 Nxc4 14. Qxc4 a5 15. Qd3 c4 16. Qc2 Nc5 17. Kh1 Rb8 18. Nd1 Bf5 19. e4 Bd7 20. Nc3 Qc7 21. Be3 Nd3 22. Qd2 a4 23. f5 Qa5 24. Bh6 Rxb2 25. Rxb2 Bxc3 26. Qg5 Bf6 27. Qe3 Bxb2 28. Bxf8 Kxf8 29. fxg6 hxg6 30. Qh6+ Bg7 31. Qe3 Qc5 32. Qf3 Bf6 33. g4 Bxg4 34. Qxg4 Nf2+ 35. Rxf2 Qxf2 36. Qc8+ Kg7 37. Qxc4 Bd4 0-1

[Event "26th Troya Open 2018"]
[Site "Canakkale"]
[Date "2018.08.05"]
[Round "1.3"]
[White "Uzuner, Tufan Can"]
[Black "Mgeladze, Tamaz"]
[Result "0-1"]
[ECO "A48"]
[WhiteElo "1939"]
[BlackElo "2400"]
[Annotator "NA"]
[PlyCount "58"]
[EventDate "2018.08.06"]
[EventType "swiss"]
[EventCountry "TUR"]
[SourceTitle "playchess.com"]
[Source "ChessBase"]
[SourceQuality "1"]
[TimeControl "5400+30"]

1. d4 Nf6 2. Nf3 g6 3. Bg5 Bg7 4. Nbd2 O-O 5. e4 d6 6. c3 Nc6 7. Bb5 Bd7 8. O-O h6 9. Bh4 a6 10. Bd3 e5 11. dxe5 dxe5 12. Qc2 Qe7 13. Rad1 Rad8 14. b4 g5 15. Bg3 Nh5 16. Rfe1 Nf4 17. Bf1 h5 18. h3 g4 19. hxg4 hxg4 20. Nh4 Qg5 21. Nf5 Bf6 22. Nc4 Bxf5 23. Rxd8 Rxd8 24. exf5 Kg7 25. Ne3 Rh8 26. Qd1 Qh6 27. Qxg4+ Kf8 28. f3 Rg8 29. b5 axb5 0-1

[Event "26th Troya Open 2018"]
[Site "Canakkale"]
[Date "2018.08.05"]
[Round "1.4"]
[White "Arat, Ufuk Sezen"]
[Black "Demir, Baran"]
[Result "1-0"]
[ECO "A58"]
[WhiteElo "2386"]
[BlackElo "1898"]
[Annotator "NA"]
[PlyCount "69"]
[EventDate "2018.08.06"]
[EventType "swiss"]
[EventCountry "TUR"]
[SourceTitle "playchess.com"]
[Source "ChessBase"]
[SourceQuality "1"]
[TimeControl "5400+30"]

1. d4 Nf6 2. c4 c5 3. d5 b5 4. cxb5 a6 5. bxa6 g6 6. g3 Bg7 7. Bg2 d6 8. Nf3 Nxa6 9. Nc3 Nb4 10. O-O Bf5 11. Ne1 O-O 12. Bd2 Qb6 13. e4 Bg4 14. Qc1 Rfb8 15. h3 Bc8 16. a3 Qa6 17. Rb1 Nd3 18. Nxd3 Qxd3 19. b3 Nd7 20. Kh2 Bd4 21. a4 Nf6 22. f4 Bg4 23. Qe1 Bd7 24. Rf3 Qc2 25. e5 dxe5 26. fxe5 Bxe5 27. Qxe5 Qxd2 28. Rd1 Qh6 29. Qxe7 Bg4 30. Qxf6 Bxf3 31. Qxf3 Rxb3 32. d6 Rd8 33. Qf6 Rbb8 34. Nd5 Qg7 35. Ne7+ 1-0

[Event "26th Troya Open 2018"]
[Site "Canakkale"]
[Date "2018.08.05"]
[Round "1.6"]
[White "Darban, Morteza"]
[Black "Degirmenci, Yagiz"]
[Result "1-0"]
[ECO "D00"]
[WhiteElo "2331"]
[BlackElo "1841"]
[Annotator "NA"]
[PlyCount "59"]
[EventDate "2018.08.06"]
[EventType "swiss"]
[EventCountry "TUR"]
[SourceTitle "playchess.com"]
[Source "ChessBase"]
[SourceQuality "1"]
[TimeControl "5400+30"]

1. d4 d5 2. Bg5 g6 3. c3 Bg7 4. Nd2 Nf6 5. e3 c6 6. Bd3 Nbd7 7. f4 e6 8. Qe2 Qc7 9. Ngf3 O-O 10. O-O Re8 11. Ne5 Nf8 12. Bxf6 Bxf6 13. g4 Bg7 14. g5 f5 15. gxf6 Bxf6 16. Ndf3 Re7 17. Ng4 Bg7 18. Qf2 Bd7 19. Qh4 Rae8 20. Kh1 c5 21. Rf2 cxd4 22. cxd4 Qa5 23. Rg1 Qxa2 24. Ng5 e5 25. fxe5 Bxg4 26. Qxg4 Qb3 27. Qe2 Bh6 28. Ne4 Rc8 29. Nd6 Rd8 30. Nf5 1-0

[Event "26th Troya Open 2018"]
[Site "Canakkale"]
[Date "2018.08.05"]
[Round "1.7"]
[White "Ozdilek, Hasan"]
[Black "Guseynov, Alihan"]
[Result "0-1"]
[ECO "B59"]
[WhiteElo "1862"]
[BlackElo "2329"]
[Annotator "NA"]
[PlyCount "84"]
[EventDate "2018.08.06"]
[EventType "swiss"]
[EventCountry "TUR"]
[SourceTitle "playchess.com"]
[Source "ChessBase"]
[SourceQuality "1"]
[TimeControl "5400+30"]

1. e4 c5 2. Nf3 Nc6 3. d4 cxd4 4. Nxd4 Nf6 5. Nc3 d6 6. Be2 e5 7. Nb3 Be7 8. O-O O-O 9. Bg5 Nxe4 10. Nxe4 Bxg5 11. Qxd6 Be7 12. Qxd8 Rxd8 13. Rfd1 Bf5 14. f3 Nb4 15. c3 Nd5 16. Kf2 Rac8 17. g3 Be6 18. c4 Nb6 19. c5 Na4 20. Rac1 Rxd1 21. Bxd1 Nxb2 22. Be2 Na4 23. Ke3 Rc7 24. Bc4 Bxc5+ 25. Nexc5 Nxc5 26. Rd1 g6 27. Rd8+ Kg7 28. Nxc5 Bxc4 29. Nd7 Bxa2 30. Nxe5 Be6 31. f4 h5 32. Ra8 a6 33. Kd4 Rc2 34. Rb8 b5 35. Rb6 Rxh2 36. Rxa6 Rg2 37. Rb6 Bc4 38. f5 Rxg3 39. Nxc4 bxc4 40. f6+ Kh6 41. Rb7 Kg5 42. Rxf7 Rf3 0-1

[Event "26th Troya Open 2018"]
[Site "Canakkale"]
[Date "2018.08.05"]
[Round "1.8"]
[White "Ozen, Bahadir"]
[Black "Taspinar, Yanki"]
[Result "1-0"]
[ECO "A08"]
[WhiteElo "2302"]
[BlackElo "1853"]
[Annotator "NA"]
[PlyCount "61"]
[EventDate "2018.08.06"]
[EventType "swiss"]
[EventCountry "TUR"]
[SourceTitle "playchess.com"]
[Source "ChessBase"]
[SourceQuality "1"]
[TimeControl "5400+30"]

1. g3 g6 2. Bg2 Bg7 3. d3 d5 4. Nf3 Nf6 5. O-O O-O 6. Nbd2 c5 7. e4 Nc6 8. Re1 e5 9. c3 d4 10. cxd4 cxd4 11. a3 b5 12. Nb3 Nd7 13. Bd2 Bb7 14. Rc1 a5 15. Bh3 a4 16. Nc5 Nxc5 17. Rxc5 Qb6 18. Qc2 Rfd8 19. Rc1 Rd6 20. b4 f6 21. Qa2+ Kf8 22. Nh4 Rad8 23. f4 Ke7 24. Nf3 Rf8 25. fxe5 fxe5 26. Ng5 h5 27. Ne6 Rf7 28. Nxg7 Rxg7 29. Bg5+ Ke8 30. Rf1 Ba6 31. Qf2 1-0

[Event "26th Troya Open 2018"]
[Site "Canakkale"]
[Date "2018.08.05"]
[Round "1.9"]
[White "Duran, Esma Doga"]
[Black "Semiev, Suhrab"]
[Result "0-1"]
[ECO "D09"]
[WhiteElo "1919"]
[BlackElo "2285"]
[Annotator "NA"]
[PlyCount "76"]
[EventDate "2018.08.06"]
[EventType "swiss"]
[EventCountry "TUR"]
[SourceTitle "playchess.com"]
[Source "ChessBase"]
[SourceQuality "1"]
[TimeControl "5400+30"]

1. d4 d5 2. c4 e5 3. dxe5 d4 4. Nf3 Nc6 5. g3 Nge7 6. Bg2 Ng6 7. Bg5 Qd7 8. O-O h6 9. Bf4 Nxf4 10. gxf4 g5 11. e3 dxe3 12. fxe3 Bc5 13. Qxd7+ Bxd7 14. Kh1 Bxe3 15. Nc3 Ne7 16. fxg5 hxg5 17. Ne4 Nf5 18. Nfxg5 Bxg5 19. Nxg5 Ng3+ 20. Kg1 Nxf1 21. Rxf1 Rh5 22. Ne4 O-O-O 23. Nc5 b6 24. Nxd7 Rxd7 25. Bc6 Re7 26. Bd5 Rg5+ 27. Kh1 Rgxe5 28. Bxf7 Re1 29. Rxe1 Rxe1+ 30. Kg2 Re2+ 31. Kg3 Rxb2 32. h4 Kd7 33. Kg4 Ke7 34. Bd5 Kf6 35. a3 Ra2 36. h5 Rxa3 37. Be4 Rc3 38. Bd5 a5 0-1

[Event "26th Troya Open 2018"]
[Site "Canakkale"]
[Date "2018.08.05"]
[Round "1.10"]
[White "Eminov, Orkhan"]
[Black "Buke, Furkan"]
[Result "1-0"]
[ECO "B52"]
[WhiteElo "2272"]
[BlackElo "1925"]
[Annotator "NA"]
[PlyCount "99"]
[EventDate "2018.08.06"]
[EventType "swiss"]
[EventCountry "TUR"]
[SourceTitle "playchess.com"]
[Source "ChessBase"]
[SourceQuality "1"]
[TimeControl "5400+30"]

1. e4 c5 2. Nf3 d6 3. Bb5+ Bd7 4. c4 Nf6 5. Nc3 e6 6. O-O Be7 7. Bxd7+ Qxd7 8. d4 cxd4 9. Nxd4 Nc6 10. Be3 O-O 11. Rc1 a6 12. f3 Nxd4 13. Qxd4 b5 14. Rfd1 Qb7 15. b3 Rfd8 16. cxb5 axb5 17. Qb6 Rdb8 18. Qxb7 Rxb7 19. a4 bxa4 20. bxa4 Rb3 21. Bf4 d5 22. exd5 Nxd5 23. Nxd5 exd5 24. a5 Rb5 25. Bc7 h6 26. Rb1 Rxb1 27. Rxb1 Bd8 28. Bxd8 Rxd8 29. a6 Ra8 30. Ra1 Ra7 31. Kf2 Kf8 32. Ke3 Ke7 33. Kd4 Kd6 34. h4 g6 35. g4 f6 36. f4 Kc6 37. Re1 Kd6 38. f5 gxf5 39. gxf5 Rg7 40. Re6+ Kc7 41. Rxf6 Rg4+ 42. Kxd5 Rxh4 43. Rc6+ Kb8 44. f6 Rf4 45. Ke6 Re4+ 46. Kf5 Re1 47. f7 Ka7 48. Rf6 Rf1+ 49. Kg6 Rg1+ 50. Kh7 1-0

[Event "26th Troya Open 2018"]
[Site "Canakkale"]
[Date "2018.08.05"]
[Round "1.11"]
[White "Kayan, Veli"]
[Black "Olcum, Ahmet"]
[Result "0-1"]
[ECO "B06"]
[WhiteElo "1878"]
[BlackElo "2274"]
[Annotator "NA"]
[PlyCount "62"]
[EventDate "2018.08.06"]
[EventType "swiss"]
[EventCountry "TUR"]
[SourceTitle "playchess.com"]
[Source "ChessBase"]
[SourceQuality "1"]
[TimeControl "5400+30"]

1. e4 d6 2. d4 g6 3. Be3 Bg7 4. c3 Nd7 5. Bd3 e5 6. Ne2 Ngf6 7. f3 d5 8. Bg5 c5 9. dxe5 Nxe5 10. Bb5+ Bd7 11. Bxf6 Bxf6 12. Bxd7+ Qxd7 13. exd5 Nc4 14. Ng3 O-O 15. Ne4 Bg7 16. Qb3 Ne3 17. Kf2 c4 18. Qb4 Nc2 19. Qxc4 Nxa1 20. Na3 Rac8 21. Qd3 Rfd8 22. Rd1 h6 23. Nc4 f5 24. Ng3 Qb5 25. b3 Nxb3 26. axb3 Qxb3 27. Ne3 Rxc3 28. Qe2 f4 29. Ng4 Rc2 30. Rd2 Bd4+ 31. Rxd4 fxg3+ 0-1

[Event "26th Troya Open 2018"]
[Site "Canakkale"]
[Date "2018.08.05"]
[Round "1.12"]
[White "Abdulla, Khayala"]
[Black "Yarar, Muammer Atakan"]
[Result "1-0"]
[ECO "B18"]
[WhiteElo "2245"]
[BlackElo "1817"]
[Annotator "NA"]
[PlyCount "41"]
[EventDate "2018.08.06"]
[EventType "swiss"]
[EventCountry "TUR"]
[SourceTitle "playchess.com"]
[Source "ChessBase"]
[SourceQuality "1"]
[TimeControl "5400+30"]

1. e4 c6 2. d4 d5 3. Nc3 dxe4 4. Nxe4 Bf5 5. Ng3 Bg6 6. Nh3 Nd7 7. Nf4 e5 8. Nxg6 hxg6 9. Be3 Ngf6 10. Qd2 Be7 11. O-O-O Qc7 12. Bc4 b5 13. Be2 exd4 14. Bxd4 a6 15. Bf3 O-O 16. h4 Rad8 17. h5 c5 18. h6 Bd6 19. hxg7 Bf4 20. Be3 Bxe3 21. Qxe3 1-0

[Event "26th Troya Open 2018"]
[Site "Canakkale"]
[Date "2018.08.05"]
[Round "1.13"]
[White "Acar, Ilhami"]
[Black "Sahin, Dilem"]
[Result "1-0"]
[ECO "C90"]
[WhiteElo "1658"]
[BlackElo "1283"]
[Annotator "NA"]
[PlyCount "101"]
[EventDate "2018.08.06"]
[EventType "swiss"]
[EventCountry "TUR"]
[SourceTitle "playchess.com"]
[Source "ChessBase"]
[SourceQuality "1"]
[TimeControl "5400+30"]

1. e4 e5 2. Nf3 Nc6 3. Bb5 Nf6 4. d3 d6 5. c3 Be7 6. O-O O-O 7. Re1 a6 8. Ba4 b5 9. Bb3 Na5 10. Bc2 Bg4 11. d4 Bxf3 12. Qxf3 h6 13. b3 Qd7 14. h3 Nh7 15. Qg3 Qe6 16. Be3 Kh8 17. Nd2 Bf6 18. Bd3 Qd7 19. f4 Nc6 20. d5 Ne7 21. Rac1 Ng6 22. Nf3 exf4 23. Bxf4 Nxf4 24. Qxf4 Ng5 25. Kh1 Rfe8 26. Rc2 Be5 27. Nxe5 Rxe5 28. Rf1 Nxh3 29. Qxf7 Qg4 30. Qf3 Rh5 31. Qxg4 Nf2+ 32. Kg1 Nxg4 33. Rf4 Rg5 34. Rc1 h5 35. Rcf1 Rg8 36. Be2 Ne3 37. R1f2 g6 38. Bf3 Rg3 39. Re2 g5 40. Rf7 Ng4 41. Rxc7 h4 42. Bxg4 Rxg4 43. e5 dxe5 44. d6 e4 45. d7 Rf8 46. Rc8 Rgf4 47. Rxe4 Rf1+ 48. Kh2 R1f7 49. Rxf8+ Rxf8 50. Re8 Rxe8 51. dxe8=Q+ 1-0

[Event "26th Troya Open 2018"]
[Site "Canakkale"]
[Date "2018.08.05"]
[Round "1.14"]
[White "Yalcin, Sitki"]
[Black "Istekli, Erdem"]
[Result "0-1"]
[ECO "B22"]
[WhiteElo "1327"]
[BlackElo "1713"]
[Annotator "NA"]
[PlyCount "126"]
[EventDate "2018.08.06"]
[EventType "swiss"]
[EventCountry "TUR"]
[SourceTitle "playchess.com"]
[Source "ChessBase"]
[SourceQuality "1"]
[TimeControl "5400+30"]

1. e4 c5 2. Nf3 Nc6 3. c3 d5 4. exd5 Qxd5 5. Be2 Nf6 6. d3 e5 7. c4 Qd6 8. Nc3 Bf5 9. O-O Be7 10. Bg5 O-O 11. Bxf6 Bxf6 12. Nd5 Ne7 13. Nxf6+ Qxf6 14. Qc2 Rad8 15. Rfe1 Nc6 16. a3 Nd4 17. Nxd4 Rxd4 18. Rad1 Rfd8 19. f3 Qd6 20. b3 f6 21. Qc3 Bxd3 22. Bxd3 Rxd3 23. Rxd3 Qxd3 24. Re3 Qxc3 25. Rxc3 Kf7 26. Kf2 Rd2+ 27. Kg3 Ke7 28. Re3 Rd4 29. Kf2 Rd2+ 30. Re2 Rxe2+ 31. Kxe2 f5 32. Ke3 Ke6 33. g3 g6 34. h3 b6 35. Kd3 Kd6 36. Ke3 Ke6 37. Kd3 Kd6 38. Ke3 a6 39. a4 Ke6 40. Kd3 a5 41. Ke3 h6 42. Kd3 Kf6 43. Ke3 h5 44. Kd3 Ke6 45. Ke3 Kf6 46. Kd3 g5 47. Ke3 f4+ 48. gxf4 exf4+ 49. Ke4 Ke6 50. Kd3 Kf5 51. Ke2 Ke5 52. Kd3 Kf5 53. Ke2 g4 54. fxg4+ hxg4 55. hxg4+ Kxg4 56. Kf2 f3 57. Kf1 Kg3 58. Kg1 f2+ 59. Kf1 Kf3 60. b4 axb4 61. a5 b3 62. axb6 b2 63. b7 b1=Q# 0-1

[Event "26th Troya Open 2018"]
[Site "Canakkale"]
[Date "2018.08.05"]
[Round "1.15"]
[White "Sahap, Abdurrahman"]
[Black "Yenen, Utku"]
[Result "1-0"]
[ECO "D60"]
[WhiteElo "1688"]
[BlackElo "1315"]
[Annotator "NA"]
[PlyCount "63"]
[EventDate "2018.08.06"]
[EventType "swiss"]
[EventCountry "TUR"]
[SourceTitle "playchess.com"]
[Source "ChessBase"]
[SourceQuality "1"]
[TimeControl "5400+30"]

1. d4 e6 2. c4 d5 3. Nc3 Nf6 4. Nf3 Be7 5. Bg5 Nbd7 6. e3 O-O 7. Bd3 a6 8. O-O dxc4 9. Bxc4 b5 10. Bb3 Bb7 11. a3 h6 12. Bh4 Rc8 13. Rc1 c5 14. dxc5 Nxc5 15. Nd4 Qb6 16. Ba2 Rfd8 17. Qe2 g5 18. Bg3 Nce4 19. Nxe4 Nxe4 20. Qg4 Rxc1 21. Rxc1 Nxg3 22. hxg3 Kg7 23. Rd1 Bf6 24. Qe2 Bxd4 25. exd4 Rxd4 26. Qe5+ Kg8 27. Qxd4 Qc6 28. f3 f5 29. Qf6 Qc5+ 30. Kh2 Bxf3 31. Rd8+ Kh7 32. Rh8# 1-0

[Event "26th Troya Open 2018"]
[Site "Canakkale"]
[Date "2018.08.05"]
[Round "1.16"]
[White "Alabas, Anil"]
[Black "Albay, Koraycan"]
[Result "0-1"]
[ECO "C01"]
[WhiteElo "1350"]
[BlackElo "1693"]
[Annotator "NA"]
[PlyCount "70"]
[EventDate "2018.08.06"]
[EventType "swiss"]
[EventCountry "TUR"]
[SourceTitle "playchess.com"]
[Source "ChessBase"]
[SourceQuality "1"]
[TimeControl "5400+30"]

1. e4 e6 2. d4 d5 3. exd5 exd5 4. Bd3 Bd6 5. c3 Ne7 6. Nf3 Bg4 7. O-O Nbc6 8. Nbd2 Qd7 9. Re1 O-O-O 10. b4 Ng6 11. Qa4 Kb8 12. b5 Nce7 13. Qb3 Nf4 14. Bf1 f6 15. a4 Qf5 16. a5 Nc8 17. c4 dxc4 18. Qxc4 Rhe8 19. Rxe8 Rxe8 20. Ba3 Bxf3 21. Nxf3 Bxa3 22. Rxa3 Nd6 23. Qb3 Ne2+ 24. Bxe2 Rxe2 25. b6 Qc2 26. Qxc2 Rxc2 27. bxc7+ Kxc7 28. Re3 Rc1+ 29. Re1 Rxe1+ 30. Nxe1 Nc4 31. a6 b5 32. Nc2 Kb6 33. Kf1 Kxa6 34. Ke2 Kb6 35. Kd3 a5 0-1

[Event "26th Troya Open 2018"]
[Site "Canakkale"]
[Date "2018.08.05"]
[Round "1.17"]
[White "Soydan, Busra"]
[Black "Yildirim, Ates Ada"]
[Result "1/2-1/2"]
[ECO "D48"]
[WhiteElo "1701"]
[BlackElo "1330"]
[Annotator "NA"]
[PlyCount "65"]
[EventDate "2018.08.06"]
[EventType "swiss"]
[EventCountry "TUR"]
[SourceTitle "playchess.com"]
[Source "ChessBase"]
[SourceQuality "1"]
[TimeControl "5400+30"]

1. Nf3 Nf6 2. c4 e6 3. d4 d5 4. e3 c6 5. Bd3 dxc4 6. Bxc4 b5 7. Bd3 Bb7 8. O-O Be7 9. b3 O-O 10. Bb2 Nbd7 11. Nc3 a6 12. Ne4 c5 13. Nxc5 Nxc5 14. dxc5 Bxc5 15. Qe2 Qe7 16. Rac1 Rac8 17. a4 bxa4 18. bxa4 a5 19. Rfd1 Rfd8 20. Ne5 Bd5 21. Nc4 Bb4 22. e4 Bxc4 23. Bxc4 Rxd1+ 24. Rxd1 e5 25. h3 h6 26. Bb5 Ba3 27. Bxa3 Qxa3 28. Ba6 Rc1 29. Bd3 Rxd1+ 30. Qxd1 Qb4 31. f3 Qd4+ 32. Kh2 Nd7 33. Be2 1/2-1/2

[Event "26th Troya Open 2018"]
[Site "Canakkale"]
[Date "2018.08.05"]
[Round "1.18"]
[White "Bayram, Efe Berk"]
[Black "Sar, Can"]
[Result "0-1"]
[ECO "B21"]
[WhiteElo "1210"]
[BlackElo "1786"]
[Annotator "NA"]
[PlyCount "108"]
[EventDate "2018.08.06"]
[EventType "swiss"]
[EventCountry "TUR"]
[SourceTitle "playchess.com"]
[Source "ChessBase"]
[SourceQuality "1"]
[TimeControl "5400+30"]

1. e4 c5 2. Nf3 g6 3. d4 cxd4 4. Nxd4 Bg7 5. Nc3 Nc6 6. Nf3 Nf6 7. Bb5 Qa5 8. Bd3 O-O 9. O-O d6 10. Qe2 Bg4 11. Qe3 Rfd8 12. Nd2 Qh5 13. h3 Be6 14. Nf3 h6 15. Qe2 Rac8 16. Bd2 d5 17. Rfe1 d4 18. Nd1 Nd7 19. Bc4 Bxc4 20. Qxc4 Nce5 21. Qe2 Nxf3+ 22. Qxf3 Qxf3 23. gxf3 Rxc2 24. Bc1 Ne5 25. Kg2 Nd3 26. Rf1 Rxc1 27. Rxc1 Nxc1 28. b3 Ne2 29. Re1 Nc3 30. Nb2 d3 31. Nd1 d2 32. Rf1 Nxd1 33. Rxd1 Bb2 34. Kf1 Bc1 35. Ke2 e5 36. Ke3 g5 37. Ke2 Kf8 38. Ke3 Ke7 39. Ke2 Rd4 40. Ke3 Kd6 41. Ke2 Kc5 42. Ke3 Kb4 43. Ke2 Kc3 44. Ke3 Kc2 45. Ke2 b5 46. Rf1 d1=Q+ 47. Rxd1 Rxd1 48. f4 Bxf4 49. f3 Rd2+ 50. Kf1 Kd3 51. Kg1 Ke3 52. Kf1 Bg3 53. h4 Kxf3 54. Kg1 Rd1# 0-1

[Event "26th Troya Open 2018"]
[Site "Canakkale"]
[Date "2018.08.05"]
[Round "1.20"]
[White "Sahin, Abdullah Baturalp"]
[Black "Uysal, Ugur"]
[Result "0-1"]
[ECO "D01"]
[WhiteElo "1255"]
[BlackElo "1689"]
[Annotator "NA"]
[PlyCount "88"]
[EventDate "2018.08.06"]
[EventType "swiss"]
[EventCountry "TUR"]
[SourceTitle "playchess.com"]
[Source "ChessBase"]
[SourceQuality "1"]
[TimeControl "5400+30"]

1. d4 Nf6 2. Nc3 d5 3. Bg5 g6 4. Qd2 Bg7 5. f3 O-O 6. e4 dxe4 7. fxe4 Nc6 8. O-O-O Bg4 9. Be2 Bxe2 10. Ngxe2 a6 11. h3 b5 12. e5 Nd5 13. Nxd5 Qxd5 14. Nc3 Qd7 15. Kb1 Rad8 16. Be3 b4 17. Ne4 Qd5 18. Nc5 a5 19. Rhe1 Ra8 20. Bg1 Rfd8 21. Be3 a4 22. Qe2 a3 23. b3 Nxe5 24. c4 bxc3 25. dxe5 Qxe5 26. Kc2 Qf5+ 27. Rd3 Rd6 28. g4 Qe5 29. Qf2 Rxd3 30. Nxd3 Qd5 31. Bf4 Rd8 32. Qg3 c5 33. Be5 c4 34. bxc4 Bxe5 35. Rxe5 Qxc4 36. Rxe7 Qxa2+ 37. Kxc3 Qa1+ 38. Kd2 Qb2+ 39. Ke3 Rxd3+ 40. Kxd3 Qb3+ 41. Kd4 Qxg3 42. Re8+ Kg7 43. Re3 Qxe3+ 44. Kxe3 a2 0-1

[Event "26th Troya Open 2018"]
[Site "Canakkale"]
[Date "2018.08.05"]
[Round "2.5"]
[White "Lomsadze, Davit"]
[Black "Gulsoy, Mustafa Alpago"]
[Result "0-1"]
[ECO "A05"]
[WhiteElo "2352"]
[BlackElo "1978"]
[Annotator "ChessBase"]
[PlyCount "32"]
[EventDate "2018.08.06"]
[EventType "swiss"]
[EventCountry "TUR"]
[SourceTitle "playchess.com"]
[Source "ChessBase"]
[SourceQuality "1"]
[TimeControl "5400+30"]

1. Nf3 Nf6 2. g3 b5 3. Bg2 Bb7 4. O-O e6 5. d3 c5 6. a4 b4 7. e4 d6 8. Nbd2 Be7 9. b3 Nc6 10. Bb2 O-O 11. Re1 d5 12. exd5 Nxd5 13. Nc4 Bf6 14. Nfe5 Qc7 15. Bxd5 exd5 16. Nxc6 dxc4 0-1

[Event "26th Troya Open 2018"]
[Site "Canakkale"]
[Date "2018.08.05"]
[Round "2.13"]
[White "Saglamer, Aysen"]
[Black "Acar, Ilhami"]
[Result "1/2-1/2"]
[ECO "B67"]
[WhiteElo "1526"]
[BlackElo "1658"]
[Annotator "NA RC"]
[PlyCount "124"]
[EventDate "2018.08.06"]
[EventType "swiss"]
[EventCountry "TUR"]
[SourceTitle "playchess.com"]
[Source "ChessBase"]
[SourceQuality "1"]
[TimeControl "5400+30"]

1. e4 c5 2. Nf3 d6 3. d4 cxd4 4. Nxd4 Nf6 5. Nc3 Nc6 6. Bg5 e6 7. Qd2 a6 8. O-O-O Bd7 9. f4 b5 10. Bxf6 gxf6 11. Kb1 b4 12. Nce2 Qb6 13. f5 e5 14. Nxc6 Bxc6 15. Ng3 h5 16. h4 a5 17. Bc4 Rd8 18. Qe2 Qc5 19. Bd5 Bb5 20. Qf3 Ke7 21. Nxh5 Rc8 22. Bb3 a4 23. Nxf6 Kxf6 24. Qg3 Bh6 25. Bxf7 Ke7 26. Qg6 Bd7 27. Be6 Be8 28. f6+ Kxe6 29. f7+ Ke7 30. Rhf1 Bf4 31. fxe8=Q+ Rhxe8 32. Qg7+ Kd8 33. Qf6+ Kc7 34. Rd5 Qc6 35. Rfd1 Red8 36. Qe7+ Rd7 37. Qe6 Rdd8 38. Qe7+ Kb8 39. Ka1 a3 40. Rxd6 axb2+ 41. Kxb2 Rxd6 42. Qxd6+ Qxd6 43. Rxd6 Rc4 44. g4 Rxe4 45. g5 Re2 46. g6 Rg2 47. h5 Rg5 48. h6 e4 49. Re6 Be5+ 50. Kc1 Rg1+ 51. Kd2 Bf4+ 52. Ke2 Bxh6 53. Rxe4 Rxg6 54. Rxb4+ Kc7 55. a4 Rd6 56. Rc4+ Kb6 57. Rh4 Bg5 58. Rb4+ Ka6 59. Rb5 Bf6 60. c4 Bd8 61. Rd5 Rxd5 62. cxd5 Be7 1/2-1/2

[Event "26th Troya Open 2018"]
[Site "Canakkale"]
[Date "2018.08.05"]
[Round "2.14"]
[White "Istekli, Erdem"]
[Black "Erdogmus, Yagiz Kaan"]
[Result "1-0"]
[ECO "B22"]
[WhiteElo "1713"]
[BlackElo "1422"]
[Annotator "NA RC"]
[PlyCount "139"]
[EventDate "2018.08.06"]
[EventType "swiss"]
[EventCountry "TUR"]
[SourceTitle "playchess.com"]
[Source "ChessBase"]
[SourceQuality "1"]
[TimeControl "5400+30"]

1. e4 c5 2. Nf3 e6 3. c3 d5 4. exd5 Qxd5 5. d4 cxd4 6. cxd4 Nf6 7. Bd3 Be7 8. Nc3 Qd6 9. O-O O-O 10. Be3 Nc6 11. a3 a6 12. Qc2 Bd7 13. Rad1 Rac8 14. Rfe1 h6 15. Qd2 Qc7 16. Bxh6 Ne8 17. d5 Nd8 18. Bf4 Qb6 19. Ne5 Nf6 20. d6 Bxd6 21. Nxd7 Nxd7 22. Bxd6 Re8 23. Bg3 Nc5 24. Bb1 Nc6 25. Qc2 g6 26. Bd6 Nb3 27. Be5 Nxe5 28. Rxe5 Nd4 29. Qd2 Rcd8 30. Qh6 Qxb2 31. Bxg6 Rd7 32. Bxf7+ Kxf7 33. Qh7+ Kf6 34. Qxd7 Qxc3 35. Qxe8 Kxe5 36. Qh8+ Kd5 37. Qd8+ Ke5 38. Qh8+ Kd5 39. Qxd4+ Qxd4 40. Rxd4+ Kxd4 41. h4 Ke5 42. h5 b5 43. Kf1 a5 44. Ke2 Kf5 45. Kd3 Kg5 46. g4 e5 47. Ke4 a4 48. Kd3 e4+ 49. Kc3 Kxg4 50. h6 Kf3 51. h7 Kxf2 52. h8=Q e3 53. Qd4 b4+ 54. Kxb4 Kf3 55. Kxa4 e2 56. Qg1 Ke4 57. Kb5 Kd3 58. Qe1 Ke3 59. a4 Kf3 60. a5 Ke3 61. a6 Kd3 62. a7 Ke3 63. a8=Q Kd3 64. Qf3+ Kd4 65. Qff2+ Kd5 66. Qfxe2 Kd6 67. Qe6+ Kc7 68. Qc3+ Kb8 69. Qcc8+ Ka7 70. Qea6# 1-0

[Event "26th Troya Open 2018"]
[Site "Canakkale"]
[Date "2018.08.05"]
[Round "2.15"]
[White "Elci, Defne"]
[Black "Sahap, Abdurrahman"]
[Result "1/2-1/2"]
[ECO "B30"]
[WhiteElo "1378"]
[BlackElo "1688"]
[Annotator "NA RC"]
[PlyCount "111"]
[EventDate "2018.08.06"]
[EventType "swiss"]
[EventCountry "TUR"]
[SourceTitle "playchess.com"]
[Source "ChessBase"]
[SourceQuality "1"]
[TimeControl "5400+30"]

1. e4 c5 2. Nf3 Nc6 3. Bb5 Nf6 4. Nc3 a6 5. Bxc6 dxc6 6. h3 g6 7. d3 Bg7 8. O-O O-O 9. Bf4 b5 10. Re1 b4 11. Ne2 Nh5 12. Be5 Nf6 13. Bh2 a5 14. Qd2 Ba6 15. a3 c4 16. axb4 cxd3 17. cxd3 Qxd3 18. Qxd3 Bxd3 19. e5 Nd5 20. bxa5 Nb4 21. Nf4 Bb5 22. Nd4 Rfd8 23. Nxb5 cxb5 24. Re4 Rxa5 25. Rb1 Nc6 26. b4 Ra4 27. e6 Rxb4 28. Rexb4 Nxb4 29. exf7+ Kxf7 30. Bg3 Rd4 31. f3 Rc4 32. Ne2 Bf6 33. Kf1 Bg5 34. Be1 Nd3 35. Rxb5 Bf6 36. Rb3 Nc1 37. Nxc1 Rxc1 38. Ke2 Rc2+ 39. Kf1 Be5 40. Re3 Bd6 41. Re4 Rc1 42. Ke2 Rb1 43. Kd3 Ra1 44. Bb4 Bxb4 45. Rxb4 Rg1 46. Rb2 Kf6 47. Ke3 Re1+ 48. Kf2 Ra1 49. Rb6+ e6 50. g4 g5 51. Rb7 Ra2+ 52. Kg3 h6 53. Rh7 Kg6 54. Rb7 Ra6 55. Rb5 Kf6 56. h4 1/2-1/2

[Event "26th Troya Open 2018"]
[Site "Canakkale"]
[Date "2018.08.05"]
[Round "2.16"]
[White "Albay, Koraycan"]
[Black "Ersahince, Umut Utku"]
[Result "1-0"]
[ECO "E47"]
[WhiteElo "1693"]
[BlackElo "1414"]
[Annotator "NA RC"]
[PlyCount "79"]
[EventDate "2018.08.06"]
[EventType "swiss"]
[EventCountry "TUR"]
[SourceTitle "playchess.com"]
[Source "ChessBase"]
[SourceQuality "1"]
[TimeControl "5400+30"]

1. d4 Nf6 2. c4 e6 3. Nc3 Bb4 4. e3 O-O 5. Bd3 b6 6. Nge2 Bb7 7. O-O d5 8. a3 Be7 9. cxd5 exd5 10. b4 Nbd7 11. Bb2 Re8 12. Rc1 a6 13. Qb3 Nf8 14. a4 Ne6 15. b5 a5 16. Ba3 Ng5 17. Bxe7 Rxe7 18. Ng3 g6 19. Rc2 Kg7 20. Rfc1 h5 21. h4 Ngh7 22. Nce2 Rd7 23. Nf4 Nf8 24. Nf1 Qe7 25. Nd2 Rc8 26. Nf3 Rd6 27. Ne5 Qd8 28. g3 Qe7 29. Bf1 Ng4 30. Nc6 Qd7 31. Na7 c6 32. Nxc8 Qxc8 33. bxc6 Rxc6 34. Rxc6 Bxc6 35. Bb5 Qf5 36. Bxc6 Ne6 37. Qxd5 Nxf4 38. Qxf5 Ne2+ 39. Kf1 gxf5 40. Kxe2 1-0